 Dungeon Crawl Stone Soup version 0.31.0-11-ge490571c62 (webtiles) character file.

Game seed: 13978574333765823229

67 Arctor the Firebug (level 3, -3/19 HPs)
             Began as a Deep Elf Fire Elementalist on Feb 2, 2024.
             Slain by Sigmund
             ... wielding a +0 scythe
              (11 damage)
             ... on level 2 of the Dungeon.
             The game lasted 00:01:46 (1906 turns).

Arctor the Firebug (Deep Elf Fire Elementalist)     Turns: 1906, Time: 00:01:46

Health: -3/19      AC:  2    Str:  5    XL:     3   Next: 98%
Magic:  2/10       EV: 13    Int: 21    God:
Gold:   42         SH:  0    Dex: 15    Spells: 6/9 levels left

rFire   . . .        m - +1 dagger (holy)
rCold   . . .        (no shield)
rNeg    . . .        a - +0 robe
rPois   .            (no helmet)
rElec   .            (no cloak)
rCorr   .            (no gloves)
SInv    .            (no boots)
Will    .....        (no amulet)
Stlth   ++           (no ring)
HPRegen 0.23/turn    (no ring)
MPRegen 0.12/turn

%: no passive effects
@: no status effects
A: no striking features
a: no special abilities


You were on level 2 of the Dungeon.
You visited 1 branch of the dungeon, and saw 2 of its levels.

You collected 42 gold pieces.

Inventory:

Hand Weapons
 m - a +1 dagger of holy wrath (weapon)
Armour
 a - a +0 robe (worn)
Scrolls
 c - a scroll of revelation {unknown}
 g - 2 scrolls of identify {unknown}
 k - a scroll of torment {unknown}
 l - a scroll of teleportation {unknown}
Potions
 b - a potion of magic
 i - a potion of might {unknown}
 j - a potion of curing {unknown}


   Skills:
 + Level 3.1 Dodging
 + Level 3.3 Stealth
 + Level 3.7 Spellcasting
 + Level 2.0 Conjurations
 + Level 3.8 Fire Magic


You had 6 spell levels left.
You knew the following spells:

 Your Spells              Type           Power      Damage    Failure   Level
a - Foxfire               Conj/Fire      64%        2x1d7     3%          1
b - Scorch                Fire           40%        2d6       3%          2

Your spell library contained the following spells:

 Spells                   Type           Power      Damage    Failure   Level
 Inner Flame              Hex/Fire       11%        N/A       17%         3
 Volatile Blastmotes      Fire/Tloc      22%        2d11      17%         3
 Flame Wave               Conj/Fire      16%        2d7       36%         4


Dungeon Overview and Level Annotations

Branches:
Dungeon (2/15)

Altars:

Annotations:
D:2 Sigmund


Message History

You conjure some foxfire!
Sigmund hits you from afar with a +0 scythe!
Ouch! That really hurt!
Sigmund is nearby!
You are too injured to fight recklessly!
You are too injured to fight recklessly!
Sigmund is nearby!
You are too injured to fight recklessly!
You are too injured to fight recklessly!
Sigmund is nearby!
Casting: Foxfire (safe; 3% risk of failure)
Confirm with . or Enter, or press ? or * to list all spells.
Flames lash Sigmund.
Sigmund is lightly wounded.
Sigmund's fire resistance burns away.
Casting: Scorch (safe; 3% risk of failure)
Confirm with . or Enter, or press ? or * to list all spells.
Flames lash Sigmund.
Sigmund is burned terribly!
Sigmund is heavily wounded.
Sigmund barely misses you.
Casting: Scorch (safe; 3% risk of failure)
Confirm with . or Enter, or press ? or * to list all spells.
Flames lash Sigmund.
Sigmund is burned terribly!
Sigmund is severely wounded.
Sigmund gestures wildly while chanting.
Sigmund flickers and vanishes!
Deactivating autopickup; reactivate with Ctrl-A.
Your foxfire dissipates!
The foxfire hits something but does no damage.
Something hits you.
Casting: Scorch (safe; 3% risk of failure)
Confirm with . or Enter, or press ? or * to list all spells.
You conjure some foxfire!
Your foxfire dissipates!
The foxfire hits something.
Casting: Foxfire (safe; 3% risk of failure)
Confirm with . or Enter, or press ? or * to list all spells.
You conjure some foxfire!
Something hits you!
Ouch! That really hurt!
You die...

.. #. .# #. ... ..... ..#
...#.#.#.#<#.############
..............##.{.......
..#.#.#.#.#.###v######.#
............##@#
##.#.#.#.#.###v#
#............#.#
##)#.#.#.#.#...######.
###.....................
...#.#.#.#.#.###########
#.....####...# +.....+
###.# #.....# #.#


There were no monsters in sight!

Vanquished Creatures
  2 adders (D:2)
  2 dart slugs (D:1)
  3 ball pythons
  3 endoplasms
  3 goblins
  4 hobgoblins
  4 jackals (D:1)
  5 kobolds
  4 quokkas
  4 bats
  4 frilled lizards
  6 rats
44 creatures vanquished.

Vanquished Creatures (others)
  173 foxfires
173 creatures vanquished.

Grand Total: 217 creatures vanquished

Notes
Turn   | Place    | Note
-------+----------+-------------------------------------------
     0 | D:1      | Arctor the Deep Elf Fire Elementalist began the quest for
                  | the Orb.
     0 | D:1      | Reached XP level 1. HP: 10/10 MP: 6/6
   308 | D:1      | Reached XP level 2. HP: 15/15 MP: 5/8
   354 | D:1      | Learned a level 2 spell: Scorch
  1037 | D:1      | Reached XP level 3. HP: 14/19 MP: 3/9
  1897 | D:2      | Noticed Sigmund
  1906 | D:2      | Slain by Sigmund

Illustrated notes

Levels and vault maps discovered:
D:1:      denvon_arrival_planthouse, layout_basic, wad_floor_pattern_untrapped
D:2:      layout_basic, st_stairs_10, uniq_sigmund

Skill      XL: |  1  2  3 |
---------------+----------+-----
Stealth        | 3 |  3.3
Dodging        | 3 |  3.1
Conjurations   | 2 |  2.0
Spellcasting   | |  3.7
Fire Magic     | |  3.8

Action                     || total
---------------------------++-------
  Melee: Unarmed           ||    21
         Dagger            ||    13
   Cast: Foxfire           ||   112
         Scorch            ||     8
    Use: Scroll            ||     3
         Potion            ||     2
 Armour: Robe              ||    36
  Dodge: Dodged            ||    38
